 Dungeon Crawl Stone Soup version 0.20.1-1-g8b1a95d (webtiles) character file.

27512 JackS81 the Destroyer (level 13, -11/93 HPs)
             Began as a Human Wizard on Aug 22, 2017.
             Was a High Priest of Sif Muna.
             Killed from afar by Frances (26 damage)
             ... with a shard of ice
             ... on level 12 of the Dungeon on Sept 19, 2017.
             The game lasted 03:36:08 (21175 turns).

JackS81 the Destroyer (Human Wizard)               Turns: 21175, Time: 03:36:09

Health: -11/93     AC:  7    Str: 11    XL:     13   Next: 66%
Magic:  5/35       EV: 16    Int: 29    God:    Sif Muna [*****.]
Gold:   676        SH:  0    Dex: 12    Spells: 7/30 levels left

rFire    x . .     SeeInvis .   j - +10 trident of Certain Death {venom, +Fly MR+}
rCold    + . .     Gourm    .   (no shield)
rNeg     + + +     Faith    +   f - +1 robe "Ybitecox" {rF- rN+++ Str+4}
rPois    +         Spirit   .   b - +0 hat
rElec    .         Reflect  .   (no cloak)
rCorr    .         Harm     .   (no gloves)
MR       +....                  (no boots)
Stlth    +++.......             M - amulet of Qaqul {Faith MP+9 Int+4}
Regen    0.3/turn               R - +3 ring of intelligence
MPRegen  0.3/turn               (no ring)

@: no status effects
A: hooves 2, molten scales 1, yellow scales 1, cold resistance 1, dopey 1,
poison resistance
a: Divine Energy, Channel Magic, Forget Spell, Renounce Religion, Evoke Flight


You were on level 12 of the Dungeon.
You worshipped Sif Muna.
Sif Muna was extremely pleased with you.
You were hungry.

You visited 3 branches of the dungeon, and saw 15 of its levels.

You collected 676 gold pieces.

Inventory:

Hand Weapons
 j - the +10 trident of Certain Death (weapon) {venom, +Fly MR+}
   (You found it on level 2 of the Lair of Beasts)

   It poisons the flesh of those it strikes.
   It affects your resistance to hostile enchantments.
   It lets you fly.
 u - a +5 rapier
 A - a +2 long sword of freezing
 Q - a +4 scimitar of flaming
 S - a +5 short sword
 Y - the +2 mace "Ohevest" {speed, +Rage MR- Int+2 Dex+2 SInv}
   (You found it on level 2 of the Lair of Beasts)

   Attacks with this weapon are significantly faster.
   It affects your intelligence (+2).
   It affects your dexterity (+2).
   It affects your resistance to hostile enchantments.
   It lets you see invisible.
   It lets you go berserk.
Missiles
 e - 244 stones (quivered)
 r - 192 sling bullets
 s - 38 poisoned needles
 x - 3 throwing nets
 B - 67 bolts
Armour
 b - a +0 hat (worn)
 f - the +1 robe "Ybitecox" (worn) {rF- rN+++ Str+4}
   (You found it on level 11 of the Dungeon)

   It affects your strength (+4).
   It makes you vulnerable to fire.
   It renders you almost immune to negative energy.
 U - a +2 robe of fire resistance
Jewellery
 h - an uncursed amulet of regeneration
 J - an uncursed amulet of harm
 M - the amulet of Qaqul (around neck) {Faith MP+9 Int+4}
   (You found it on level 7 of the Dungeon)

   [amulet of faith]

   It allows you to gain divine favour quickly.
   It affects your intelligence (+4).
   It affects your magic capacity (+9).
 R - a +3 ring of intelligence (left hand)
Wands
 g - a wand of scattershot (0/9)
 m - a wand of lightning (4/15)
 t - a wand of clouds (6/9)
 y - a wand of lightning (11/15)
 z - a wand of enslavement (15/24)
 D - a wand of paralysis (4/24)
 E - a wand of digging (16/24)
 I - a wand of scattershot (1/9)
 K - a wand of digging (17/24)
 N - a wand of lightning (2/15)
 P - a wand of enslavement (6/24)
 V - a wand of enslavement (10/24)
Scrolls
 a - a scroll of blinking
 i - 8 scrolls of remove curse
 l - 3 scrolls of enchant weapon
 n - 11 scrolls of teleportation
 o - 4 scrolls of recharging
 v - a scroll of immolation
 H - a scroll of fog
 O - a scroll of enchant armour
 T - a scroll of torment
 W - a scroll of magic mapping
Potions
 d - a potion of agility
 k - 2 potions of might
 p - 5 potions of curing
 F - a potion of mutation
Books
 c - a book of Minor Magic

   Spells                             Type                      Level
   a - Magic Dart                     Conjuration                  1
   b - Blink                          Translocation                2
   c - Call Imp                       Summoning                    2
   d - Slow                           Hexes                        2
   e - Conjure Flame                  Conjuration/Fire             3
   f - Mephitic Cloud                 Conjuration/Poison/Air       3
 q - Oluedaa's Disquisition on Unholy Shape Shifting
   (Sif Muna gifted it to you on level 11 of the Dungeon)

   Spells                             Type                      Level
   a - Passwall                       Transmutation/Earth          2
   b - Spider Form                    Transmutation/Poison         3
   c - Dispel Undead                  Necromancy                   5
   d - Death Channel                  Necromancy                   6
   e - Statue Form                    Transmutation/Earth          6
   f - Dragon Form                    Transmutation                7
   g - Death's Door                   Charms/Necromancy            8
   h - Infestation                    Necromancy                   8
 w - Sif Muna's Almanac of Cloudy Battle Magic
   (Sif Muna gifted it to you on level 11 of the Dungeon)

   Spells                             Type                      Level
   a - Magic Dart                     Conjuration                  1
   b - Swiftness                      Charms/Air                   2
   c - Searing Ray                    Conjuration                  2
   d - Fireball                       Conjuration/Fire             5
   e - Freezing Cloud                 Conjuration/Ice/Air          6
   f - Glaciate                       Conjuration/Ice              9
 C - a book of Changes

   Spells                             Type                      Level
   a - Beastly Appendage              Transmutation                1
   b - Sticks to Snakes               Transmutation                2
   c - Spider Form                    Transmutation/Poison         3
   d - Ice Form                       Ice/Transmutation            4
   e - Blade Hands                    Transmutation                5
 G - a book of Ice

   Spells                             Type                      Level
   a - Ice Form                       Ice/Transmutation            4
   b - Metabolic Englaciation         Hexes/Ice                    5
   c - Ozocubu's Refrigeration        Ice                          6
   d - Bolt of Cold                   Conjuration/Ice              6
   e - Freezing Cloud                 Conjuration/Ice/Air          6
   f - Simulacrum                     Ice/Necromancy               6
 L - the Incunabulum of the Compass and Shape Shifting
   (You found it on level 6 of the Dungeon)

   Spells                             Type                      Level
   a - Ignite Poison                  Fire/Transmutation/Poison    3
   b - Lesser Beckoning               Translocation                3
   c - Spider Form                    Transmutation/Poison         3
   d - Ice Form                       Ice/Transmutation            4
   e - Dragon Form                    Transmutation                7
 X - a Young Poisoner's Handbook

   Spells                             Type                      Level
   a - Sting                          Conjuration/Poison           1
   b - Poisonous Vapours              Poison/Air                   2
   c - Mephitic Cloud                 Conjuration/Poison/Air       3
   d - Olgreb's Toxic Radiance        Poison                       4
   e - Venom Bolt                     Conjuration/Poison           5


   Skills:
 * Level 5.9 Fighting
 + Level 8.1 Dodging
 - Level 7.1 Stealth
 - Level 3.4 Unarmed Combat
 - Level 9.0 Spellcasting
 - Level 10.9 Conjurations
 - Level 0.4 Charms
   Level 1.0 Summonings
   Level 1.0 Translocations
 + Level 7.3 Transmutations
 * Level 7.1 Fire Magic
 - Level 0.2 Ice Magic
 - Level 3.7 Air Magic
 - Level 5.1 Poison Magic


You had 7 spell levels left.
You knew the following spells:

 Your Spells              Type           Power        Failure   Level  Hunger
a - Magic Dart            Conj           ####         1%          1    None
b - Mephitic Cloud        Conj/Pois/Air  ######..     1%          3    None
c - Conjure Flame         Conj/Fire      ######..     1%          3    None
d - Ignite Poison         Fire/Tmut/Pois ######..     1%          3    None
e - Ice Form              Ice/Tmut       #####...     9%          4    None
f - Searing Ray           Conj           ######       1%          2    None
g - Fireball              Conj/Fire      ######....   2%          5    ####...
h - Swiftness             Chrm/Air       ####....     2%          2    None


Dungeon Overview and Level Annotations

Branches:
Dungeon (12/15)            Temple (1/1) D:5            Lair (2/6) D:11
    Orc (0/2) D:11
  Swamp: Lair:2-4    Shoals: Lair:2-4     Snake: Lair:2-4    Spider: Lair:2-4

Altars:
Cheibriados
Fedhas
Gozag
Nemelex Xobeh
Okawaru
Sif Muna
Trog
Yredelemnul

Annotations:
D:12 Frances, Rupert


Innate Abilities, Weirdness & Mutations

You have hoof-like feet.
You are partially covered in molten scales. (AC +2)
You are partially covered in yellow scales. (AC +2)
Your flesh is cold resistant. (rC+)
You are dopey. (Int -2)
Your system is resistant to poisons. (rPois)


Message History

Frances is lightly wounded.
Frances is engulfed in noxious fumes.
Frances hits you with a dire flail of holy wrath!
You are too injured to fight recklessly!
Casting: Mephitic Cloud
Confirm with . or Enter, or press ? or * to list all spells.
You ignite the poison in your surroundings!
Frances seems to burn from within!
Frances is heavily wounded.
You puncture Frances!
Frances is heavily wounded.
Frances is engulfed in blazing flames.
Frances hits you with a dire flail of holy wrath!!
* * * LOW HITPOINT WARNING * * *
Frances is engulfed in blazing flames.
You feel better.
Frances seems less confused.
Frances is engulfed in blazing flames.
Frances whispers indecipherable words.
The shard of ice hits you! You partially resist.
You die...

.............#
.........###.##
..........# #..#####
..........# ##.....#
.........# ###<..#
#.........# #...#
...######## #...# ..
####...# # ##...@.##
# ##.......## ###
#....@....# @.######
#...ยง.....# #.4....#
#....)....#
######.####......>..#
#..............#
####...........#
#######.#.........#


You could see Frances.

Vanquished Creatures
  The ghost of blejac99 the Carver, a journeyman BaSk of Okawaru (Lair:1)
  Erolcha (D:10)
  The ghost of Berahthraban the Nimble, a journeyman DrTm of Hepliaklqana (D:10)
  3 hydras
  Erica (D:8)
  3 two-headed ogres
  The ghost of ANON1729 the Grappler, a novice TrFi of Okawaru (D:8)
  Nergalle (D:11)
  An ugly thing (D:12)
  2 oklob plants (D:11)
  A manticore (D:11)
  5 elephants
  2 spiny frogs (Lair:2)
  Joseph (Lair:2)
  2 komodo dragons
  2 kobold demonologists (D:11)
  A rime drake (Lair:2)
  A polar bear (Lair:2)
  A hornet (D:10)
  A troll (D:11)
  2 hippogriffs
  3 slime creatures (D:12)
  3 wyverns
  Eustachio (D:5)
  4 basilisks
  18 yaks
  2 hungry ghosts
  6 water moccasins
  11 ice beasts
  7 porcupines
  A black bear (D:9)
  A phantom (D:8)
  3 orc warriors
  4 sky beasts
  A necrophage (D:11)
  3 centaurs
  9 ogres
  8 wolves
  3 crocodiles
  A big kobold (D:10)
  7 bullfrogs
  A gnoll sergeant (D:10)
  3 scorpions
  5 killer bees (D:11)
  5 wights (D:10)
  9 howler monkeys
  3 crimson imps
  4 quasits
  5 bullfrog skeletons
  10 orc wizards
  A bullfrog zombie (D:12)
  3 centaur zombies
  8 hounds
  3 jellies
  4 orc priests
  An iguana (D:7)
  5 worker ants
  A hound zombie (D:10)
  A hound skeleton (D:10)
  A worker ant zombie (D:5)
  10 gnolls
  A howler monkey skeleton (D:9)
  7 adders
  3 shadow imps
  3 adder skeletons
  A worm (D:4)
  A dart slug (D:2)
  5 leopard geckos
  39 orcs
  2 giant cockroaches (D:2)
  3 goblins
  8 hobgoblins
  8 jackals
  14 kobolds
  5 quokkas
  2 ball pythons
  4 bats
  3 frilled lizards
  A jackal zombie (D:5)
  A quokka skeleton (D:3)
  7 rats
  A fungus (Lair:1)
  6 plants (D:11)
338 creatures vanquished.

Vanquished Creatures (others)
  A bush (Lair:1)
  5 fungi
  3 plants
9 creatures vanquished.

Grand Total: 347 creatures vanquished

Notes
Turn   | Place    | Note
-------+----------+-------------------------------------------
     0 | D:1      | JackS81 the Human Wizard began the quest for the Orb.
     0 | D:1      | Reached XP level 1. HP: 13/13 MP: 4/4
   408 | D:1      | Reached XP level 2. HP: 19/19 MP: 3/6
   779 | D:2      | Reached skill level 2 in Conjurations
   887 | D:2      | Reached XP level 3. HP: 23/24 MP: 2/7
   958 | D:2      | Learned a level 3 spell: Mephitic Cloud
  1606 | D:2      | Found an iron altar of Okawaru.
  1607 | D:2      | Found a snail-covered altar of Cheibriados.
  2273 | D:3      | Reached XP level 4. HP: 30/30 MP: 6/8
  2297 | D:3      | Learned a level 3 spell: Conjure Flame
  2354 | D:3      | Found a basalt altar of Yredelemnul.
  2495 | D:3      | Noticed a wyvern
  2779 | D:3      | Found a deep blue altar of Sif Muna.
  2783 | D:3      | Became a worshipper of Sif Muna the Loreminder
  2948 | D:3      | Reached skill level 3 in Conjurations
  3278 | D:4      | Reached skill level 1 in Air Magic
  3609 | D:4      | Reached XP level 5. HP: 35/35 MP: 7/9
  3655 | D:4      | Reached skill level 1 in Poison Magic
  3972 | D:4      | Noticed a phantom
  3974 | D:4      | Gained mutation: You are resistant to electric shocks. (rElec) [potion of mutation]
  3974 | D:4      | Gained mutation: Your system is resistant to poisons. (rPois) [potion of mutation]
  3974 | D:4      | Gained mutation: Your movements are slightly less encumbered by armour. (ER -2) [potion of mutation]
  4346 | D:4      | Reached skill level 4 in Conjurations
  4346 | D:4      | Reached XP level 6. HP: 32/41 MP: 3/10
  4669 | D:5      | Entered Level 5 of the Dungeon
  4893 | D:5      | Reached XP level 7. HP: 36/46 MP: 7/11
  4960 | D:5      | Reached skill level 5 in Conjurations
  5424 | D:5      | Found a staircase to the Ecumenical Temple.
  5428 | D:5      | Noticed Eustachio
  5487 | D:5      | Killed Eustachio
  5707 | D:5      | Reached skill level 6 in Conjurations
  5826 | D:5      | Reached XP level 8. HP: 46/52 MP: 9/12
  5863 | D:5      | Reached * piety under Sif Muna
  6578 | D:6      | Lost mutation: Your movements are slightly less encumbered by armour. (ER -2) [potion of mutation]
  6578 | D:6      | Lost mutation: Your system is resistant to poisons. (rPois) [potion of mutation]
  6578 | D:6      | Lost mutation: You are resistant to electric shocks. (rElec) [potion of mutation]
  6578 | D:6      | Gained mutation: You have large cloven feet. [potion of mutation]
  6578 | D:6      | Gained mutation: You are partially covered in large bone plates. (SH +4) [potion of mutation]
  7032 | D:6      | Reached skill level 5 in Stealth
  7038 | D:6      | Reached ** piety under Sif Muna
  7058 | D:6      | Identified the Incunabulum of the Compass and Shape Shifting
  7128 | D:6      | Reached skill level 7 in Conjurations
  7451 | D:6      | Gained mutation: You are clumsy. (Dex -2) [mutagenic meat]
  7453 | D:6      | Gained mutation: You have an increased reservoir of magic. (+10% MP) [mutagenic meat]
  7531 | D:7      | Learned a level 3 spell: Ignite Poison
  7550 | D:7      | Reached XP level 9. HP: 57/57 MP: 12/15
  7622 | D:7      | Got a flickering graven amulet
  7629 | D:7      | Identified the amulet of Qaqul {Faith MP+9 Int+4} (You found it on level 7 of the Dungeon)
  7822 | D:7      | Found a bloodstained altar of Trog.
  7940 | D:7      | Reached skill level 1 in Transmutations
  8031 | D:7      | Lost mutation: You are partially covered in large bone plates. (SH +4) [mutagenic meat]
  8032 | D:7      | Gained mutation: Your spells are a little harder to cast, but a little more powerful. [mutagenic meat]
  8552 | D:8      | Noticed a two-headed ogre
  8565 | D:8      | Killed a two-headed ogre
  8565 | D:8      | Reached *** piety under Sif Muna
  8565 | D:8      | Reached skill level 8 in Conjurations
  8729 | D:8      | Noticed ANON1729's ghost (novice TrFi)
  8730 | D:8      | Noticed Erica
  8765 | D:8      | Reached XP level 10. HP: 63/63 MP: 18/18
  9011 | D:8      | Killed Erica
  9011 | D:8      | Reached skill level 5 in Spellcasting
  9134 | D:8      | Killed ANON1729's ghost
  9134 | D:8      | Reached **** piety under Sif Muna
  9134 | D:8      | Reached skill level 5 in Poison Magic
  9885 | D:9      | Found an opulent altar of Gozag.
 10100 | D:9      | Reached skill level 1 in Fire Magic
 10399 | D:10     | Entered Level 10 of the Dungeon
 10622 | D:10     | Gained mutation: You have sharp fingernails. [mutagenic meat]
 10646 | D:10     | Reached skill level 9 in Conjurations
 10820 | D:10     | Noticed Erolcha
 10983 | D:10     | Killed Erolcha
 10983 | D:10     | Reached XP level 11. HP: 40/68 MP: 23/23
 11355 | D:10     | Noticed Berahthraban's ghost (journeyman DrTm)
 11684 | D:10     | Learned a level 4 spell: Ice Form
 11816 | D:10     | Killed Berahthraban's ghost
 11816 | D:10     | Reached ***** piety under Sif Muna
 12649 | D:10     | Found a blossoming altar of Fedhas.
 12771 | D:10     | Reached skill level 5 in Dodging
 13228 | D:11     | Got a fabulously ornate robe
 13262 | D:11     | Identified the +1 robe "Ybitecox" {rF- rN+++ Str+4} (You found it on level 11 of the Dungeon)
 13320 | D:11     | Noticed a manticore
 13327 | D:11     | HP: 1/68 [manticore (3)]
 13329 | D:11     | Killed a manticore
 13349 | D:11     | Reached skill level 10 in Conjurations
 13565 | D:11     | Noticed a two-headed ogre
 13649 | D:11     | Killed a two-headed ogre
 13649 | D:11     | Identified Sif Muna's Almanac of Cloudy Battle Magic (Sif Muna gifted it to you on level 11 of the Dungeon)
 13649 | D:11     | Received a gift from Sif Muna
 13652 | D:11     | HP: 3/68 [acid (8)]
 14017 | D:11     | Learned a level 2 spell: Searing Ray
 14023 | D:11     | Learned a level 5 spell: Fireball
 14026 | D:11     | Learned a level 2 spell: Swiftness
 14040 | D:11     | Found a staircase to the Orcish Mines.
 14064 | D:11     | Noticed a two-headed ogre
 14256 | D:11     | Killed a two-headed ogre
 14256 | D:11     | Reached XP level 12. HP: 53/74 MP: 9/26
 14933 | D:11     | Reached skill level 5 in Fire Magic
 15074 | D:11     | Found a staircase to the Lair.
 15226 | D:11     | Noticed Nergalle
 15255 | D:11     | Killed Nergalle
 15411 | D:11     | Identified Oluedaa's Disquisition on Unholy Shape Shifting (Sif Muna gifted it to you on level 11 of the Dungeon)
 15411 | D:11     | Received a gift from Sif Muna
 15632 | Lair:1   | Entered Level 1 of the Lair of Beasts
 15638 | Lair:1   | Reached skill level 1 in Fighting
 15640 | Lair:1   | Reached skill level 1 in Unarmed Combat
 15921 | Lair:1   | Reached skill level 5 in Transmutations
 15976 | Lair:1   | Lost mutation: Your spells are a little harder to cast, but a little more powerful. [potion of mutation]
 15976 | Lair:1   | Lost mutation: You are clumsy. (Dex -2) [potion of mutation]
 15976 | Lair:1   | Lost mutation: You have an increased reservoir of magic. (+10% MP) [potion of mutation]
 15976 | Lair:1   | Gained mutation: You have hoof-like feet. [potion of mutation]
 15976 | Lair:1   | Gained mutation: You are partially covered in molten scales. (AC +2) [potion of mutation]
 16243 | Lair:1   | Noticed a seven-headed hydra
 16248 | Lair:1   | Killed a seven-headed hydra
 16299 | Lair:1   | Noticed blejac99's ghost (journeyman BaSk)
 16365 | Lair:1   | Killed blejac99's ghost
 16783 | Lair:1   | Reached XP level 13. HP: 86/86 MP: 6/26
 17360 | Lair:2   | Got a twisted trident
 17368 | Lair:2   | Identified the +10 trident of Certain Death {venom, +Fly MR+} (You found it on level 2 of the Lair of Beasts)
 17636 | Lair:2   | Lost mutation: You have sharp fingernails. [potion of mutation]
 17636 | Lair:2   | Gained mutation: You are partially covered in yellow scales. (AC +2) [potion of mutation]
 17636 | Lair:2   | Gained mutation: You are dopey. (Int -2) [potion of mutation]
 17636 | Lair:2   | Gained mutation: Your flesh is cold resistant. (rC+) [potion of mutation]
 17806 | Lair:2   | Noticed Joseph
 18093 | Lair:2   | Killed Joseph
 18329 | Lair:2   | Got a crude mace
 18331 | Lair:2   | Identified the +2 mace "Ohevest" {speed, +Rage MR- Int+2 Dex+2 SInv} (You found it on level 2 of the Lair of Beasts)
 19211 | Lair:2   | Reached skill level 5 in Fighting
 19347 | Lair:2   | Noticed a seven-headed hydra
 19353 | Lair:2   | Killed a seven-headed hydra
 19470 | Lair:2   | Noticed an eight-headed hydra
 19475 | Lair:2   | Killed an eight-headed hydra
 20226 | Temple   | Entered the Ecumenical Temple
 20449 | D:12     | Noticed Rupert
 20458 | D:12     | Noticed Frances
 21050 | D:12     | Gained mutation: Your system is resistant to poisons. (rPois) [mutagenic meat]
 21175 | D:12     | Killed from afar by Frances

Skill      XL: |  1  2  3  4  5  6  7  8  9 10 11 12 13 |
---------------+----------------------------------------+-----
Conjurations   | 2 3 4 6 7 8 9 10 | 10.9
Air Magic      | 1 2 3 |  3.7
Dodging        | 3 5 7 8 |  8.1
Poison Magic   | 1 2 3 4 5 |  5.1
Stealth        | 3 4 5 6 7 |  7.1
Transmutations | 3 4 5 7 |  7.3
Spellcasting   | 4 6 8 9 |  9.0
Fire Magic     | 2 4 5 7 |  7.1
Fighting       | 3 5 |  5.9
Unarmed Combat | 3 |  3.4
Charms         | |  0.4
Summonings     | |  1.0
Translocations | |  1.0
Ice Magic      | |  0.2

Action                   |  1- 3 |  4- 6 |  7- 9 | 10-12 | 13-15 || total
-------------------------+-------+-------+-------+-------+-------++-------
Melee: Dagger            |    32 |    80 |       |       |       ||   112
       Rapier            |       |    27 |    81 |   103 |       ||   211
       Kick              |       |       |     7 |    20 |     4 ||    31
       Short sword       |       |       |       |    16 |       ||    16
       Unarmed           |       |       |       |     5 |    14 ||    19
       Trident           |       |       |       |       |    50 ||    50
Throw: Stone             |    43 |    34 |     2 |       |     1 ||    80
       Throwing net      |       |     2 |       |       |       ||     2
 Cast: Magic Dart        |    84 |    91 |   146 |   316 |    77 ||   714
       Mephitic Cloud    |       |     9 |    29 |    85 |    49 ||   172
       Conjure Flame     |       |     1 |     1 |     1 |       ||     3
       Ignite Poison     |       |       |     4 |    56 |    16 ||    76
       Searing Ray       |       |       |       |    45 |    17 ||    62
       Fireball          |       |       |       |    24 |    40 ||    64
       Swiftness         |       |       |       |     3 |     3 ||     6
       Ice Form          |       |       |       |     3 |     2 ||     5
Invok: Channel Magic     |       |       |       |     2 |       ||     2
 Abil: End Transformatio |       |       |       |     3 |     1 ||     4
Evoke: Wand              |       |       |       |    11 |     5 ||    16
  Use: Potion            |       |     7 |     3 |     9 |     6 ||    25
       Scroll            |       |     1 |     3 |    15 |     4 ||    23
 Stab: Sleeping          |     1 |       |     1 |     1 |       ||     3
       Confused          |       |     2 |     8 |     7 |     4 ||    21
       Distracted        |       |       |       |     1 |       ||     1
  Eat: Chunk             |     4 |     2 |     6 |    12 |     6 ||    30
       Bread ration      |       |     2 |     2 |     3 |       ||     7
       Meat ration       |       |       |     1 |     1 |     2 ||     4
       Fruit             |       |       |       |     2 |       ||     2
Armor: Robe              |     9 |     7 |     5 |    32 |    12 ||    65
       Skin              |       |    42 |       |       |     1 ||    43
Dodge: Dodged            |    37 |    62 |    50 |   154 |    70 ||   373
Block: Other             |       |       |     2 |       |       ||     2
